 Dungeon Crawl Stone Soup version 0.23-b1-75-g379dba2534 (webtiles) character file.

Game seed: 17295075156579502368

1678 McKennaii the Covered (level 8, -4/62 HPs)
             Began as a Demonspawn Fighter on Feb 7, 2019.
             Was an Initiate of Makhleb.
             Slain by an orc warrior
             ... wielding a +0 trident
              (15 damage)
             ... on level 6 of the Dungeon.
             The game lasted 00:10:54 (6154 turns).

McKennaii the Covered (Demonspawn Fighter)          Turns: 6154, Time: 00:10:55

Health: -4/62      AC: 11    Str: 18    XL:     8   Next: 70%
Magic:  9/9        EV: 10    Int: 10    God:    Makhleb [......]
Gold:   196        SH: 12    Dex: 26    Spells: 7/7 levels left

rFire    + . .     SeeInvis .   t - +5 mace "Hedear" {crush, rN+ Dex+5}
rCold    . . .     Gourm    .   v - +1 shield {rF+}
rNeg     + . .     Faith    .   i - +0 chain mail
rPois    .         Spirit   .   e - +0 helmet
rElec    .         Reflect  .   (no cloak)
rCorr    .         Harm     .   (no gloves)
MR       .....                  (no boots)
Stlth    ..........             (no amulet)
HPRegen  0.20/turn              s - +3 ring of evasion
MPRegen  0.11/turn              q - +4 ring of dexterity

@: no status effects
A: thin skeletal structure 2, foul stench 1, rot immunity
a: Renounce Religion


You were on level 6 of the Dungeon.
You worshipped Makhleb.
Makhleb was noncommittal.
You were hungry.

You visited 2 branches of the dungeon, and saw 7 of its levels.

You collected 196 gold pieces.

Inventory:

Hand Weapons
 a - a +0 long sword
 t - the +5 mace "Hedear" (weapon) {crush, rN+ Dex+5}
   (You found it on level 4 of the Dungeon)

   It inflicts extra damage upon your enemies.
   It affects your dexterity (+5).
   It protects you from negative energy.
Armour
 e - a +0 helmet (worn)
 i - a +0 chain mail (worn)
 v - a +1 shield of fire resistance (worn)
Jewellery
 q - a +4 ring of dexterity (right hand)
 s - a +3 ring of evasion (left hand)
Scrolls
 g - a scroll of fear {unknown}
 h - 3 scrolls of teleportation
 j - 7 scrolls of identify
 k - 5 scrolls of remove curse {unknown}
 l - a scroll of random uselessness {unknown}
 m - a scroll of immolation {unknown}
 n - 2 scrolls of amnesia {unknown}
 o - a scroll of noise {unknown}
 p - 2 scrolls of magic mapping {unknown}
 w - a scroll of enchant weapon {unknown}
Potions
 b - 2 potions of mutation {unknown}
 d - 2 potions of might
 r - 3 potions of degeneration {unknown}
 u - 2 potions of lignification {unknown}
 x - a potion of agility {unknown}
Comestibles
 f - 9 rations


   Skills:
 + Level 5.0 Fighting
 * Level 5.5 Long Blades
 + Level 5.9 Armour
 + Level 1.9 Dodging
 + Level 0.2 Stealth
 + Level 5.7 Shields
 * Level 1.6 Invocations


You had 7 spell levels left.
You didn't know any spells.
Your spell library contained the following spells:

 Spells                   Type           Power        Failure   Level  Hunger
 Freeze                   Ice            #...         100%        1    ##.....
 Throw Frost              Conj/Ice       #.....       100%        2    ###....
 Ozocubu's Armour         Chrm/Ice       #.......     100%        3    ####...
 Summon Ice Beast         Ice/Summ       #.......     100%        4    #####..
 Throw Icicle             Conj/Ice       #.......     100%        4    #####..


Dungeon Overview and Level Annotations

Branches:
Dungeon (6/15)             Temple (1/1) D:4

Altars:
Ashenzari
Cheibriados
Dithmenos
Hepliaklqana
Kikubaaqudgha
Makhleb
Nemelex Xobeh
Okawaru
Qazlal
Sif Muna
Uskayaw
Wu Jian
Xom
Zin
The Shining One


Innate Abilities, Weirdness & Mutations

You have a moderately thin skeletal structure. (Dex +4, Stealth+)
You may emit foul miasma when damaged in melee.
You are immune to rotting.


Message History

The orc warrior hits you with a +0 trident.
You block the orc warrior's attack.
You hit the orc warrior but do no damage.
The orc warrior is moderately wounded.
The orc warrior barely misses you.
You hit the orc warrior.
The orc warrior is moderately wounded.
The orc warrior hits you with a +0 trident!
You closely miss the orc warrior.
The orc warrior is moderately wounded.
The orc warrior hits you with a +0 trident.
The orc warrior hits you with a +0 trident!
You closely miss the orc warrior.
The orc warrior is moderately wounded.
The orc warrior hits you with a +0 trident!
* * * LOW HITPOINT WARNING * * *
You block the orc warrior's attack.
There is a stone staircase leading up here.
The orc warrior hits you from afar with a +0 trident!
You die...

#...#.##...########
#...#............
#............#
#..<†o......##
####.#.........#
#....#.........#
#.##o#.........# #
##.#......._.#
#@(#.........#
#.##.........#
..############ ..##
###


You could see an orc warrior.

Vanquished Creatures
  Menkaure (D:4)
  Edmund (D:4)
  2 sky beasts
  3 ogres
  A centaur (D:5)
  Blork the orc (D:4)
  A scorpion (D:4)
  An orc priest (D:5)
  3 hounds
  A jelly (D:5)
  A centaur skeleton (D:5)
  4 orc wizards
  An iguana (D:6)
  Natasha (thrice) (D:4)
  5 worker ants
  A killer bee zombie (D:5)
  A hound skeleton (D:4)
  Robin (D:2)
  4 gnolls (D:4)
  6 adders
  2 oozes
  An adder skeleton (D:5)
  3 worms
  4 dart slugs (D:1)
  3 leopard geckos
  17 orcs
  6 bats
  4 giant cockroaches
  14 hobgoblins
  6 jackals
  9 kobolds
  A quokka (D:2)
  A ball python (D:2)
  A ball python zombie (D:5)
  5 frilled lizards (D:2)
  11 goblins
  A quokka skeleton (D:5)
  8 rats
139 creatures vanquished.

Notes
Turn   | Place    | Note
-------+----------+-------------------------------------------
     0 | D:1      | McKennaii the Demonspawn Fighter began the quest for the
                  | Orb.
     0 | D:1      | Reached XP level 1. HP: 18/18 MP: 1/1
   213 | D:1      | Gained mutation: You are immune to rotting. [demonic
                  | ancestry]
   213 | D:1      | Reached XP level 2. HP: 18/24 MP: 2/2
   346 | D:1      | You fall through a shaft!
   431 | D:1      | Reached XP level 3. HP: 24/29 MP: 3/3
  1080 | D:2      | Noticed Robin
  1092 | D:2      | Reached XP level 4. HP: 33/35 MP: 4/4
  1125 | D:2      | Killed Robin
  1601 | D:3      | Found an iron altar of Okawaru.
  1887 | D:3      | Found a shimmering altar of Xom.
  1888 | D:3      | Found a hazy altar of Hepliaklqana.
  1888 | D:3      | Noticed a hell beast
  1889 | D:3      | Noticed a spectral ugly thing
  1889 | D:3      | Noticed a hell beast
  2225 | D:4      | Gained mutation: You may emit foul miasma when damaged in
                  | melee. [demonic ancestry]
  2225 | D:4      | Reached XP level 5. HP: 25/42 MP: 5/5
  2399 | D:4      | Noticed Blork the orc
  2425 | D:4      | Killed Blork the orc
  2425 | D:4      | Reached skill level 1 in Dodging
  2833 | D:4      | Found an ornate altar of the Wu Jian Council.
  2866 | D:4      | Gained mutation: You have a somewhat thin skeletal
                  | structure. (Dex +2, Stealth) [demonic ancestry]
  2866 | D:4      | Reached XP level 6. HP: 13/48 MP: 6/6
  3319 | D:4      | Found a staircase to the Ecumenical Temple.
  3804 | D:4      | Got an ivory mace
  3807 | D:4      | Identified the +5 mace "Hedear" {crush, rN+ Dex+5} (You
                  | found it on level 4 of the Dungeon)
  3821 | D:4      | Noticed Edmund
  3824 | D:4      | Noticed Natasha
  3833 | D:4      | Killed Edmund
  3833 | D:4      | Gained mutation: You have a moderately thin skeletal
                  | structure. (Dex +4, Stealth+) [demonic ancestry]
  3833 | D:4      | Reached XP level 7. HP: 25/54 MP: 7/7
  3834 | D:4      | Killed Natasha
  3905 | D:4      | Noticed Natasha
  3912 | D:4      | Killed Natasha
  4180 | D:4      | Noticed Menkaure
  4186 | D:4      | Killed Menkaure
  4186 | D:4      | Reached skill level 5 in Armour
  4343 | D:4      | Noticed Natasha
  4347 | D:4      | Killed Natasha
  4525 | D:5      | Entered Level 5 of the Dungeon
  4578 | D:5      | Reached skill level 5 in Long Blades
  4623 | D:5      | Reached XP level 8. HP: 48/60 MP: 8/8
  4738 | D:5      | Reached skill level 5 in Shields
  5544 | Temple   | Entered the Ecumenical Temple
  5585 | Temple   | Became a worshipper of Makhleb the Destroyer
  5722 | D:6      | Found a glowing silver altar of Zin.
  5747 | D:6      | Reached skill level 1 in Invocations
  5859 | D:6      | Reached skill level 5 in Fighting
  6154 | D:6      | Slain by an orc warrior

Skill      XL: |  1  2  3  4  5  6  7  8 |
---------------+-------------------------+-----
Long Blades    | 2 3 4 5 |  5.5
Shields        | 3 4 5 |  5.7
Armour         | 3 4 5 |  5.9
Dodging        | 1 |  1.9
Fighting       | 4 5 |  5.0
Invocations    | 1 |  1.6
Stealth        | |  0.2

Action                   |  1- 3 |  4- 6 |  7- 9 || total
-------------------------+-------+-------+-------++-------
Melee: Long sword        |   158 |   187 |       ||   345
       Mace              |       |    10 |   194 ||   204
  Use: Potion            |       |     4 |     1 ||     5
       Scroll            |       |     2 |       ||     2
  Eat: Chunk             |     1 |     6 |     7 ||    14
       Ration            |       |     1 |       ||     1
Armor: Scale mail        |     8 |       |       ||     8
       Chain mail        |    82 |    98 |    90 ||   270
Dodge: Dodged            |    31 |    52 |    77 ||   160
Block: Shield            |    73 |   104 |   135 ||   312
       Rpst.: Long sword |    13 |    17 |       ||    30
